Map: Ruby Rock LE

Players

Mythshaker

  • Race: Protoss Protoss
  • Spawn Location: 5:00

dogrunes - Winner!

  • Race: Terran Terran
  • League: Silver
  • Spawn Location: 11:00

VOD

Have the link to the VOD?

Description

Time

  • Played on: Nov. 23, 2025, 1:27 a.m.
  • Length: 6:56
Show
View Real Time Build Order
Export as new Build Order

Mythshaker Protoss 

Build Orders: 1 Gate Expand 

Get SALT Encoding   

  12  0:02  Probe  
  13  0:14  Probe  
  14  0:21  Pylon  
  14  0:23  Probe  
  15  0:35  Probe  
  16  0:43  Gateway  
  16  0:48  Probe  
  17  1:19  Probe  
  17  1:20  Nexus  
  18  1:29  Pylon  
  18  1:35  Probe  
  19  1:41  Cybernetics Core  
  19  1:43  Assimilator  
  19  1:57  Gateway  
  19  2:01  Gateway  
  19  2:07  Pylon  
  19  2:08  Probe  
  20  2:35  Probe  
  20  2:43  Probe  
  21  2:45  Assimilator  
  21  2:50  Stalker  
  22  2:51  Probe  
  25  2:59  Probe  
  25  3:03  Probe  
  27  3:07  Probe  
  28  3:13  Stalker  
  28  3:15  Probe  
  31  3:22  Stalker  
  33  3:27  Probe  
  32  3:53  Stalker  
  32  3:55  Stalker  
  32  4:01  Probe  
  36  4:09  Probe  
  37  4:11  Assimilator, Stalker  
  37  4:13  Probe  
  40  4:19  Assimilator  
  40  4:22  Probe  
  41  4:25  Stalker  
  44  4:31  Probe  
  44  4:37  Pylon  
  45  4:43  Probe x2  
  46  4:52  Stalker  
  47  4:55  Probe, Pylon  
  50  5:00  Twilight Council  
  50  5:14  Probe  
  50  5:17  Stalker  
  53  5:22  Probe  
  54  5:32  Probe  
  55  5:37  Probe  
  50  5:44  Probe  
  50  5:49  Probe  
  50  5:53  Pylon  
  50  5:56  Probe  
  41  6:20  Shield Battery  
  28  6:42  Forge  
Show
View Real Time Build Order
Export as new Build Order

dogrunes Terran - Winner!

Build Orders:  

Get SALT Encoding   

  12  0:00  SCV  
  13  0:12  SCV  
  14  0:17  Supply Depot  
  14  0:25  Supply Depot  
  14  0:30  SCV  
  15  0:46  SCV  
  15  0:47  Barracks  
  16  0:58  SCV  
  16  1:00  Refinery  
  17  1:11  SCV  
  18  1:23  SCV  
  19  1:34  Supply Depot  
  19  1:36  Orbital Command  
  19  1:44  Barracks Reactor  
  19  1:55  Command Center  
  19  2:05  SCV  
  20  2:17  SCV  
  21  2:24  Reaper x2  
  23  2:50  Barracks  
  23  2:52  Barracks  
  23  2:55  Marine  
  23  2:56  Marine  
  25  3:11  Orbital Command  
  25  3:13  Marine  
  25  3:14  Marine  
  25  3:18  Engineering Bay  
  27  3:31  Marine  
  27  3:32  Marine  
  28  3:49  Marine  
  28  3:50  Marine  
  30  3:56  Barracks Tech Lab  
  30  3:57  Barracks Tech Lab  
  30  4:03  Terran Infantry Weapons Level 1  
  30  4:07  Marine x2  
  30  4:08  Refinery, SCV x2  
  34  4:19  Stimpack  
  34  4:23  Marine x2  
  36  4:25  Marine x2  
  36  4:26  SCV x2  
  40  4:40  SCV x2  
  40  4:41  Marine x2  
  40  4:42  Marine  
  40  4:43  Marine, Combat Shield  
  46  4:59  Supply Depot  
  46  5:00  Supply Depot  
  46  5:02  Supply Depot  
  46  5:20  Marine x4  
  46  5:21  SCV x2  
  51  5:33  SCV x2  
  53  5:38  Marine x2  
  53  5:39  Marauder x2  
  58  5:45  SCV x2  
  59  5:56  Marine x2  
  61  6:00  Marauder x2  
  65  6:14  Marine x2  
  67  6:22  Marauder  
  69  6:31  Supply Depot  
  69  6:32  Marine  
  70  6:33  Supply Depot x2  
  70  6:34  Supply Depot  
Tags
 
League
Silver
Matchup
PvT
Spawn Locations
Cross Positions
Add a new tag
Caveats
  • Supply blocks, unpowered buildings, or Contaminate may cause inaccurate times.
  • Supply counts are checked every 10 seconds.